AoeStats
← kriket

Lombardia

509699767Analyzed
4v4 RM · 4d ago on Sep 27, 2026· 60m 39s· 8 players
Game mode
Random Map
Map size
Large (8 player)
Population
200
Speed
Normal
Resources
Standard
Victory
Conquest
Starting age
Dark Age
Ending age
Imperial Age
RankedLock teamsTeams togetherTeam positionsShared explorationLock speedFull tech treeHidden civsTurbo modeCheats
Victory
Defeat
🇨🇦 Britons · Canada
1144
+13
🇷🇺 Persians · Russia
1102
+15
🇲🇽 Teutons · Mexico
1099
+15
🇷🇺 Huns · Russia
1096
+15
🇩🇪 Goths · Germany
1129
-16
🇩🇪 Magyars · Germany
1095
-15
🇩🇪 Italians · Germany
1057
-14
🇩🇪 Burgundians · Germany
1031
-13
Mavinga
2:51 Loom
9:08 Feudal Age
10:41 Double-Bit Axe
11:20 Horse Collar
12:50 Town Watch
20:44 Castle Age
20:40 Bloodlines
20:22 Fletching
24:15 Scale Mail Armor
24:25 Forging
24:20 Pikeman
25:01 Squires
26:21 Chain Mail Armor
34:08 Iron Casting
39:24 Bow Saw
40:40 Anarchy
42:19 Wheelbarrow
46:39 Imperial Age
44:59 Hand Cart
48:21 Blast Furnace
47:42 Elite Huskarl
49:10 Gold Mining
hsg_m
1:30 Loom
11:57 Feudal Age
16:20 Castle Age
15:26 Padded Archer Armor
15:22 Gold Mining
17:12 Horse Collar
17:18 Double-Bit Axe
19:03 Fletching
20:58 Crossbowman
21:56 Leather Archer Armor
23:18 Pikeman
25:28 Bow Saw
25:37 Squires
28:56 Bodkin Arrow
29:12 Forging
29:07 Arson
30:48 Scale Mail Armor
33:19 Chain Mail Armor
33:40 Iron Casting
33:31 Thumb Ring
38:40 Ballistics
38:16 Murder Holes
38:03 Treadmill Crane
38:35 Masonry
45:04 Imperial Age
45:20 Arbalester
keyboard cat
10:55 Feudal Age
15:06 Castle Age
14:02 Double-Bit Axe
14:05 Horse Collar
17:15 Loom
24:27 Pikeman
27:52 Bow Saw
28:17 Corvinian Army
29:27 Wheelbarrow
28:59 Gold Mining
30:10 Heavy Plow
32:54 Gold Shaft Mining
32:10 Stone Mining
34:38 Thumb Ring
35:14 Hand Cart
35:57 Ballistics
38:03 Fletching
38:13 Padded Archer Armor
42:00 Imperial Age
39:58 Bodkin Arrow
40:19 Leather Archer Armor
40:12 Town Watch
40:53 Masonry
40:39 Murder Holes
41:07 Bloodlines
40:57 Husbandry
42:14 Town Patrol
42:08 Heavy Cavalry Archer
43:15 Parthian Tactics
43:06 Recurve Bow
45:52 Chemistry
45:53 Bracer
46:24 Ring Archer Armor
48:21 Elite Magyar Huszar
50:16 Scale Barding Armor
52:35 Chain Barding Armor
58:54 Plate Barding Armor
Carmonlou16
2:51 Loom
9:02 Wheelbarrow
11:34 Feudal Age
10:32 Double-Bit Axe
13:19 Gold Mining
16:34 Hand Cart
21:37 Castle Age
19:21 Horse Collar
20:01 Bow Saw
20:53 Gold Shaft Mining
20:33 Heavy Plow
21:09 Scale Barding Armor
21:34 Forging
22:55 Husbandry
23:41 Crop Rotation
23:35 Cavalier
25:41 Two-Man Saw
26:49 Chain Barding Armor
27:51 Iron Casting
35:18 Stone Mining
49:31 Imperial Age
49:43 Guilds
49:33 Caravan
Huesped Maldito
10:20 Feudal Age
10:52 Double-Bit Axe
12:35 Horse Collar
19:46 Castle Age
18:51 Wheelbarrow
18:01 Town Watch
18:54 Town Watch
20:13 Bloodlines
22:22 Scale Barding Armor
22:27 Forging
22:22 Scale Barding Armor
23:33 Forging
25:29 Hand Cart
25:13 Loom
31:10 Bow Saw
31:02 Heavy Plow
32:59 Gold Mining
33:00 Stone Mining
33:49 Iron Casting
33:35 Chain Barding Armor
33:16 Scale Mail Armor
33:35 Squires
33:21 Arson
34:18 Caravan
37:24 Stone Shaft Mining
37:45 Chain Mail Armor
40:36 Imperial Age
38:07 Town Patrol
39:50 Fletching
40:00 Padded Archer Armor
41:41 Ironclad
40:43 Elite Teutonic Knight
41:26 Onager
41:27 Capped Ram
41:46 Cavalier
42:52 Crenellations
42:53 Conscription
42:54 Guilds
43:15 Coinage
44:29 Two-Man Saw
43:24 Man-at-Arms
43:50 Gambesons
43:26 Pikeman
43:34 Siege Onager
44:24 Long Swordsman
44:52 Paladin
47:12 Chemistry
46:32 Ballistics
46:03 Guard Tower
46:02 Two-Handed Swordsman
46:03 Halberdier
47:41 Heavy Scorpion
51:11 Siege Engineers
59:04 Blast Furnace
58:39 Plate Barding Armor
58:02 Bodkin Arrow
58:22 Leather Archer Armor
58:37 Plate Mail Armor
Philippe6390
0:38 Loom
11:36 Feudal Age
12:35 Double-Bit Axe
18:39 Castle Age
17:29 Horse Collar
17:49 Stone Mining
19:54 Wheelbarrow
19:55 Bow Saw
19:48 Heavy Plow
19:41 Gold Mining
20:04 Town Watch
25:05 Hand Cart
26:14 Pikeman
27:18 Forging
27:09 Scale Mail Armor
30:21 Gold Shaft Mining
32:00 Husbandry
35:04 Imperial Age
35:16 Heavy Mounted Crossbowman
36:28 Town Patrol
35:55 Cranequins
37:02 Conscription
37:46 Warwolf
39:19 Yeomen
39:08 Elite Longbowman
40:01 Padded Archer Armor
40:15 Fletching
41:29 Two-Man Saw
41:00 Leather Archer Armor
43:10 Ring Archer Armor
42:38 Bodkin Arrow
43:43 Bracer
43:09 Elite Skirmisher
44:27 Hoardings
43:24 Sappers
45:14 Scale Barding Armor
45:27 Chain Mail Armor
46:33 Chain Barding Armor
45:37 Light Cavalry
45:41 Crossbowman
48:00 Plate Barding Armor
48:55 Squires
49:18 Arbalester
49:47 Arson
50:34 Plate Mail Armor
50:42 Iron Casting
52:29 Blast Furnace
50:53 Man-at-Arms
53:54 Ballistics
53:28 Heated Shot
53:32 Treadmill Crane
53:27 Long Swordsman
54:51 Masonry
54:53 Murder Holes
56:25 Capped Ram
57:40 Architecture
57:23 Heavy Scorpion
59:02 Halberdier
59:27 Onager
60:46 Fortified Wall
61:48 Chemistry
kriket
3:49 Loom
13:38 Feudal Age
18:37 Castle Age
18:37 Double-Bit Axe
18:38 Horse Collar
23:09 Bloodlines
23:17 Husbandry
26:54 Scale Barding Armor
29:52 Wheelbarrow
29:19 Heavy Plow
33:22 Town Watch
38:33 Imperial Age
36:02 Murder Holes
36:28 Ballistics
37:32 Forging
37:12 Fletching
40:47 Heavy Camel Rider
42:32 Chemistry
43:02 Caravan
43:45 Coinage
43:26 Guilds
43:42 Hand Cart
44:40 Cavalier
46:28 Chain Barding Armor
47:41 Conscription
55:25 Plate Barding Armor
55:33 Iron Casting
56:41 Bow Saw
57:55 Masonry
58:55 Blast Furnace
57:56 Bodkin Arrow
58:01 Padded Archer Armor
58:02 Scale Mail Armor
59:03 Banking
59:39 Citadels
59:30 Kamandaran
59:42 Elite War Elephant
Sussy_Floppa
7:40 Loom
10:00 Feudal Age
10:49 Double-Bit Axe
13:14 Forging
12:51 Horse Collar
14:24 Scale Barding Armor
18:30 Wheelbarrow
21:35 Castle Age
20:09 Gold Mining
20:12 Fletching
21:35 Bloodlines
22:45 Bodkin Arrow
23:16 Bow Saw
24:04 Husbandry
24:16 Light Cavalry
25:22 Padded Archer Armor
26:38 Ballistics
26:53 Leather Archer Armor
27:43 Thumb Ring
35:55 Imperial Age
35:14 Gold Shaft Mining
34:40 Heavy Plow
37:10 Bracer
38:13 Chemistry
37:55 Parthian Tactics
38:02 Heavy Cavalry Archer
39:08 Town Watch
40:51 Hand Cart
43:05 Two-Man Saw
41:57 Stone Mining
44:04 Conscription
46:46 Marauders
47:22 Chain Barding Armor
47:38 Iron Casting
47:18 Elite Tarkan
48:53 Plate Barding Armor
50:24 Hussar
57:14 Blast Furnace
Connection lost

Rejoining the realm…

Still unreachable

The connection could not be restored.

Session expired

The server has moved on; the page needs a fresh start.